 Dungeon Crawl Stone Soup version 0.31-a0-167-g1c394c0614 (webtiles) character file.

Game seed: 15486430742783570469

32 qw the Shield-Bearer (level 3, -2/23 HPs)
             Began as a Gargoyle Fighter on June 14, 2023.
             Killed from afar by Sigmund (7 damage)
             ... with a puff of flame
             ... on level 2 of the Dungeon.
             The game lasted 00:00:26 (903 turns).

qw the Shield-Bearer (Gargoyle Fighter)              Turns: 903, Time: 00:00:27

Health: -2/23      AC: 14    Str: 21    XL:     3   Next: 25%
Magic:  3/3        EV: 10    Int:  8    God:
Gold:   79         SH:  4    Dex:  9    Spells: 2/2 levels left

rFire   . . .        Y - +1 war axe (chaos)
rCold   . . .        c - +0 buckler
rNeg    + . .        h - +4 ring mail
rPois   inf          g - +0 helmet
rElec   +            (no cloak)
rCorr   .            (no gloves)
SInv    .            (no boots)
Will    .....        (no amulet) Stlth
                     (no ring)
HPRegen 0.23/turn    (no ring)
MPRegen 0.08/turn

%: no passive effects
@: no status effects
A: sickness immunity, AC +3, negative energy resistance 1, electricity
resistance, torment resistance 1, petrification resistance
a: no special abilities


You were on level 2 of the Dungeon.
You visited 1 branch of the dungeon, and saw 2 of its levels.

You collected 79 gold pieces.


Innate Abilities, Weirdness & Mutations

You are immune to sickness and miasma.
Your stone body is resilient. (AC +3)
You are immune to poison.
You resist negative energy. (rN+)
You are resistant to electric shocks. (rElec)
You are resistant to unholy torment.
You are immune to petrification.


   Skills:
 - Level 3.2 Fighting
 + Level 3.2 Axes
 - Level 3.2 Armour
 - Level 3.2 Shields


You had 2 spell levels left.
You didn't know any spells.
Your spell library was empty.

Inventory:

Hand Weapons
 a - a +0 hand axe
 f - a +0 club
 Y - a +1 war axe of chaos (weapon)
Armour
 c - a +0 buckler (worn)
 g - a +0 helmet (worn)
 h - a +4 ring mail (worn)
Potions
 b - a potion of curing {unknown}
 d - a potion of might
 e - a potion of brilliance {unknown}

Dungeon Overview and Level Annotations

Branches:
Dungeon (2/15)

Altars:

Annotations:
D:2 Sigmund


Message History

Sigmund gestures at you while chanting. The puff of flame hits you!
You slash Sigmund!
Sigmund seems to speed up.
Sigmund is heavily wounded.
Sigmund barely misses you. Sigmund hits you but does no damage.
You slash Sigmund!
Sigmund suddenly seems more agile.
Sigmund is severely wounded.
Sigmund barely misses you.
You closely miss Sigmund.
Sigmund is severely wounded.
Sigmund casts a spell at you.
You are confused.
Sigmund screams, "Don't try to resist!"
Sigmund completely misses you. Sigmund closely misses you.
Sigmund mumbles some strange words.
Sigmund flickers and vanishes!
Deactivating autopickup; reactivate with Ctrl-A.
You hear a zap.
A puff of flame appears from out of thin air!
The puff of flame hits you!
You miss something. Something hits you but does no damage.
A bat comes into view.
Something hits you but does no damage. Something hits you but does no damage.
You feel less confused. Something hits you. The bat closely misses you.
You closely miss the bat. You closely miss something. The bat hits you.
Something hits you but does no damage.
You completely miss something. You block the bat's attack.
Something hits you but does no damage.
You slash the bat!
You kill the bat!
You closely miss something. You block something's attack.
You hear a zap.
A puff of flame appears from out of thin air!
The puff of flame hits you!
You die...

#...). #..... ######
#..... ..#... #.....
#...## # #..
#.....###.... ..###..
#.....#....# ##......##
#.....#.#..# .........#
#..{@....##.#........
.......###..#..#.......#
....### ##.#.##......))
... #...#......... .
##.............
#...###.......# #...#
#.......#
#.#.###.......#
#..#.#.........#


There were no monsters in sight!

Vanquished Creatures
  2 dart slugs
  2 endoplasms (D:1)
  4 giant cockroaches
  2 goblins
  4 hobgoblins
  3 kobolds
  3 ball pythons
  4 bats
  2 frilled lizards (D:2)
  A rat (D:1)
27 creatures vanquished.

Notes
Turn   | Place    | Note
-------+----------+-------------------------------------------
     0 | D:1      | qw the Gargoyle Fighter began the quest for the Orb.
     0 | D:1      | Reached XP level 1. HP: 14/14 MP: 1/1
     0 | D:1      | 0 ||| qw: Version: 0.2-a-29-g1fa15c8
     0 | D:1      | 0 ||| qw: Game counter: 5086
     0 | D:1      | 0 ||| qw: Always use a shield: true
     0 | D:1      | 0 ||| qw: God list: Okawaru
     0 | D:1      | 0 ||| qw: Allow faded altars: false
     0 | D:1      | 0 ||| qw: Do Orc after D:15 true
     0 | D:1      | 0 ||| qw: Do second Lair branch before Depths: true
     0 | D:1      | 0 ||| qw: Lair rune preference: random
     0 | D:1      | 0 ||| qw: Plans: Normal, Zot:1-4, Slime:5, God:TSO, Crypt,
                  | Tomb, Abyss, Pan, Hells, Win
     0 | D:1      | 0 ||| PLANNING D:1-11
    76 | D:1      | 76 ||| Stepping ~*~*~tactically~*~*~ (stealth).
    77 | D:1      | 77 ||| Stepping ~*~*~tactically~*~*~ (stealth).
    90 | D:1      | Reached XP level 2. HP: 15/19 MP: 2/2
   248 | D:1      | 248 ||| Stepping ~*~*~tactically~*~*~ (stealth).
   593 | D:1      | 593 ||| UPGRADING to +0 helmet.
   598 | D:1      | 598 ||| UPGRADING to +4 ring mail.
   608 | D:1      | 608 ||| DROPPING +0 scale mail.
   609 | D:1      | 609 ||| READING scroll labelled KUACIFUBUCW.
   610 | D:1      | 610 ||| READING scroll labelled KEYCOTEGRAXY.
   611 | D:1      | 611 ||| READING scroll labelled EWNEAM JOBIOTE.
   612 | D:1      | 612 ||| READING scroll labelled OLOAM PADOJANA.
   638 | D:1      | 638 ||| READING scroll labelled MOOKKO HUDUIC.
   679 | D:2      | Reached skill level 3 in Axes
   701 | D:2      | 701 ||| Stepping ~*~*~tactically~*~*~ (stealth).
   724 | D:2      | Reached XP level 3. HP: 23/23 MP: 3/3
   724 | D:2      | 724 ||| Stepping ~*~*~tactically~*~*~ (stealth).
   749 | D:2      | 749 ||| Stepping ~*~*~tactically~*~*~ (hiding).
   887 | D:2      | Noticed Sigmund
   900 | D:2      | HP: 5/23 [something (4)]
   903 | D:2      | Killed from afar by Sigmund

Levels and vault maps discovered:
D:1:      dpeg_arrival_rooms_c, layout_basic
D:2:      layout_rooms, uniq_sigmund

Skill      XL: |  1  2 |
---------------+-------+-----
Axes           | 2 3 |  3.2
Fighting       | |  3.2
Armour         | |  3.2
Shields        | |  3.2

Action                     || total
---------------------------++-------
  Melee: War axe           ||    54
    Use: Scroll            ||     5
 Armour: Scale mail        ||    13
         Ring mail         ||    15
  Dodge: Dodged            ||    21
  Block: Buckler           ||     8

Table legend:
 A = Non-vault XP
 B = Vault XP
 C = Vault XP percentage of total XP
 D = Non-vault monster count
 E = Vault monster count
 F = Vault count percentage of total count
                 A         B        C        D         E       F
            +---------+---------+-------+---------+---------+-------
      Total |      48 |       0 |   0.0 |      27 |       0 |   0.0
            +---------+---------+-------+---------+---------+-------
        D:1 |      27 |       0 |   0.0 |      15 |       0 |   0.0
        D:2 |      21 |       0 |   0.0 |      12 |       0 |   0.0
            +---------+---------+-------+---------+---------+-------
